 Dungeon Crawl Stone Soup version 0.17-a0-2027-gcac42c4 (webtiles) character file.

52 Ijustatesigmund the Sneak (level 3, -1/23 HPs)
             Began as an Octopode Transmuter on Oct 10, 2015.
             Slain by an adder (3 damage)
             ... on level 2 of the Dungeon.
             The game lasted 00:06:55 (1764 turns).

Ijustatesigmund the Sneak (Octopode Transmuter)     Turns: 1764, Time: 00:06:55

Health: -1/23      AC:  1    Str:  7 (9)  XL:     3   Next: 85%
Magic:  6/6        EV: 11    Int: 16      God:
Gold:   73         SH:  4    Dex: 12      Spells: 2 memorised, 3 levels left

rFire  + . .     SeeInvis .     f - +0 dagger
rCold  . . .     Clarity  .     e - +1 buckler
rNeg   . . .     SustAt   .     (helmet restricted)
rPois  .         Gourm    .     (no amulet)
rElec  .         Spirit   .     d - ring of protection from fire
rCorr  .         Warding  .     (no ring)
rMut   .         Stasis   .     (no ring)
MR     .....                    (no ring)
Stlth  +++.......               (no ring)
                                (no ring)
                                (no ring)
                                (no ring)

@: not resistant to hostile enchantments, fairly stealthy
A: almost no armour, amphibious, 8 rings, constrict 8, camouflage 1, gelatinous
body 1
a: no special abilities


You were on level 2 of the Dungeon.
You were near starving.

You visited 1 branch of the dungeon, and saw 2 of its levels.

You collected 73 gold pieces.

Inventory:

Hand Weapons
 f - a +0 dagger (weapon)
 h - a +0 hunting sling
Missiles
 a - 17 arrows
Armour
 e - a +1 buckler (worn)
Jewellery
 d - a ring of protection from fire (left tentacle)
Scrolls
 g - a scroll of remove curse
Potions
 j - a potion of haste {unknown}
Books
 b - a book of Changes

   Spells                             Type                      Level
   a - Beastly Appendage              Transmutation                1
   b - Sticks to Snakes               Transmutation                2
   c - Spider Form                    Transmutation/Poison         3
   d - Ice Form                       Ice/Transmutation            4
   e - Blade Hands                    Transmutation                5
Comestibles
 c - a bread ration
 i - a beef jerky
 n - a meat ration


   Skills:
 - Level 1.0 Fighting
 + Level 1.2 Short Blades
 - Level 2.0 Dodging
 * Level 3.1 Stealth
 + Level 0.8 Shields
 - Level 3.0 Unarmed Combat
 - Level 2.0 Spellcasting
 + Level 2.6 Transmutations


You had 3 spell levels left.
You knew the following spells:

 Your Spells              Type           Power        Failure   Level  Hunger
a - Beastly Appendage     Trmt           #.....       12%         1    #......
b - Sticks to Snakes      Trmt           #.........   17%         2    ###....


Dungeon Overview and Level Annotations

Branches:
Dungeon (2/15)

Altars:


Innate Abilities, Weirdness & Mutations

You cannot wear most types of armour.
You are amphibious.
You can wear up to eight rings at the same time.
You can use your tentacles to constrict eight enemies at once.
Your skin changes colour to match your surroundings (Stealth).
Your rubbery body absorbs attacks (AC +1).


Message History

You hit the adder but do no damage. Your grab misses the adder.
The adder is lightly wounded.
The adder bites you.
* * * LOW HITPOINT WARNING * * *
You are too injured to fight recklessly!
You are too injured to fight recklessly!
You are too injured to fight recklessly!
You are too injured to fight recklessly!
You are too injured to fight recklessly!
You are too injured to fight recklessly!
You are too injured to fight recklessly!
You are too injured to fight recklessly!
You hit the adder. Your grab misses the adder. Your squeeze misses the adder.
The adder is moderately wounded.
The adder bites you.
* * * LOW HITPOINT WARNING * * *
You hit the adder but do no damage. Your grab misses the adder.
The adder is moderately wounded.
The adder bites you.
You die...

...##......# ..
............. .<
....#........
#####.#####
##....... ......#
##...... .....#
#....... ....#
#.......
#S..#######.......
#@...............#
#..#####...##...##
#...# ##.#.......#
#.#.###..#######.#
#.#...#[## #>.
#.###.†..# ### ?.#
##.%.#
(.#..).#...h#
.....#######...


You could see an adder.

Vanquished Creatures
  An ooze (D:1)
  A ball python (D:2)
  3 bats
  10 goblins
  4 hobgoblins
  A quokka (D:2)
  A giant newt (D:1)
  9 kobolds
  5 rats
35 creatures vanquished.

Vanquished Creatures (collateral kills)
  Robin (D:2)
  4 goblins (D:2)
5 creatures vanquished.

Grand Total: 40 creatures vanquished

Notes
Turn   | Place    | Note
--------------------------------------------------------------
     0 | D:1      | Ijustatesigmund the Octopode Transmuter began the quest for the Orb.
     0 | D:1      | Reached XP level 1. HP: 13/13 MP: 3/3
   177 | D:1      | Reached skill level 1 in Stealth
   177 | D:1      | Reached XP level 2. HP: 8/18 MP: 5/5
   181 | D:1      | Learned a level 2 spell: Sticks to Snakes
  1086 | D:2      | Reached XP level 3. HP: 12/23 MP: 6/6
  1314 | D:2      | Noticed Robin
  1373 | D:2      | HP: 1/23 [goblin[Robin] (1)]
  1407 | D:2      | Killed Robin
  1407 | D:2      | Reached skill level 1 in Short Blades
  1764 | D:2      | Slain by an adder

Vault maps used:
D:1:      dpeg_arrival_three_bigger_balls
D:2:      uniq_robin, uniq_terence

Action                   || total
-------------------------++-------
Melee: Dagger            ||    95
       Unarmed           ||     3
 Cast: Sticks to Snakes  ||     3
  Use: Scroll            ||     6
       Potion            ||     4
 Stab: Sleeping          ||     7
  Eat: Chunk             ||     1
